 Dungeon Crawl Stone Soup version 0.17-a0-1910-g4c791fa (webtiles) character file.

129 Goblin1989 the Poker (level 4, -3/37 HPs)
             Began as a Minotaur Gladiator on Sept 25, 2015.
             Slain by an ogre
             ... wielding a +0 giant club
              (7 damage)
             ... on level 3 of the Dungeon.
             The game lasted 00:04:52 (1911 turns).

Goblin1989 the Poker (Minotaur Gladiator)           Turns: 1911, Time: 00:04:52

Health: -3/37      AC:  6    Str: 20    XL:     4   Next: 88%
Magic:  3/3        EV: 12    Int:  5    God:
Gold:   87         SH:  0    Dex: 11    Spells: 0 memorised, 3 levels left

rFire  . . .     SeeInvis .     a - +0 trident
rCold  . . .     Clarity  .     g - +0 ring mail
rNeg   . . .     SustAt   .     (no shield)
rPois  .         Gourm    .     c - +0 hat
rElec  .         Spirit   .     (no cloak)
rCorr  .         Warding  .     (no gloves)
rMut   .         Stasis   .     k - +0 pair of boots
MR     .....                    (no amulet)
Stlth  +.........               (no ring)
                                (no ring)

@: not resistant to hostile enchantments, very unstealthy
A: retaliatory headbutt, horns 2
a: no special abilities


You were on level 3 of the Dungeon.
You were not hungry.

You visited 1 branch of the dungeon, and saw 3 of its levels.

You collected 87 gold pieces.

Inventory:

Hand weapons
 a - a +0 trident (weapon)
Missiles
 d - 2 throwing nets (quivered)
Armour
 c - a +0 hat (worn)
 g - a +0 ring mail (worn)
 k - a +0 pair of boots (worn)
Magical devices
 l - a wand of flame (25)
Scrolls
 b - a scroll of magic mapping {unknown}
 f - 2 scrolls of identify {unknown}
 h - a scroll of blinking {unknown}
 i - a scroll of enchant armour {unknown}
 j - 2 scrolls of teleportation {unknown}
 n - a scroll of acquirement {unknown}
 o - 2 scrolls of immolation {unknown}
Potions
 m - a potion of curing {unknown}
 r - a potion of mutation {unknown}
Comestibles
 e - 3 bread rations
 p - a meat ration
 q - a chunk of flesh


   Skills:
 - Level 2.4 Fighting
 + Level 6.8 Polearms
 - Level 2.0 Throwing
 - Level 3.2 Dodging


You had 3 spell levels left.
You didn't know any spells.

Dungeon Overview and Level Annotations

Branches:
Dungeon (3/15)

Altars:


Innate Abilities, Weirdness & Mutations

You reflexively headbutt those who attack you in melee.
You have a pair of horns on your head.


Message History

You are too injured to fight recklessly!
You are too injured to fight recklessly!
You are too injured to fight recklessly!
You are too injured to fight recklessly!
You are too injured to fight recklessly!
You are too injured to fight recklessly!
You are too injured to fight recklessly!
You are too injured to fight recklessly!
You are too injured to fight recklessly!
You are too injured to fight recklessly!
You are too injured to fight recklessly!
You are too injured to fight recklessly!
You are too injured to fight recklessly!
Throwing (i - inventory):
d - 3 throwing nets (quivered)
Press: ? - help, Shift-Dir - straight line, f - ogre
Aim: an ogre, wielding a giant club (severely wounded)
You throw a throwing net.
The throwing net barely misses the ogre.
The ogre hits you with a giant club!
You die...

#..# #####..###
........†.####
######.......#
##.#.##.#
#.#.##.#
#.#.##.#
#.#.##!#
#.#.#@#.##
......O###.#
####..#.#..####
#(. #......# #.
#......# #.
#.)....# #..#
#.†...# #..#
#..>..# #..#
##..###


You could see an ogre.

Vanquished Creatures
  A worker ant (D:3)
  6 adders
  An ooze (D:1)
  3 worms
  7 bats
  2 giant cockroaches (D:2)
  6 goblins
  3 hobgoblins (D:1)
  3 jackals (D:2)
  2 kobolds (D:1)
  A ball python (D:1)
  2 giant newts
  2 quokkas (D:2)
  2 rats
41 creatures vanquished.

Notes
Turn   | Place    | Note
--------------------------------------------------------------
     0 | D:1      | Goblin1989 the Minotaur Gladiator began the quest for the Orb.
     0 | D:1      | Reached XP level 1. HP: 18/18 MP: 0/0
    92 | D:1      | Reached skill level 4 in Polearms
   101 | D:1      | Reached XP level 2. HP: 4/25 MP: 1/1
   843 | D:2      | Reached skill level 5 in Polearms
   843 | D:2      | Reached XP level 3. HP: 28/30 MP: 2/2
  1280 | D:2      | Reached skill level 6 in Polearms
  1280 | D:2      | Reached XP level 4. HP: 37/37 MP: 3/3
  1902 | D:3      | Noticed an ogre
  1911 | D:3      | Slain by an ogre

Vault maps used:
D:1:      dpeg_arrival_three_smaller_balls
D:2:      forest_paths
D:3:      cheibriados_altar_wand_db, nicolae_overflow_hidden_temple, first_bread

Action                   |  1- 3 |  4- 6 || total
-------------------------+-------+-------++-------
Melee: Trident           |    78 |    43 ||   121
Throw: Throwing net      |       |     1 ||     1
  Eat: Chunk             |     1 |     2 ||     3
